Map: 캑터스 밸리 - 래더 (공허)

Players

Solar - Winner!

  • Race: Zerg Zerg
  • Spawn Location: 5:00

Ryung

  • Race: Terran Terran
  • Spawn Location: 7:00

Event: IEM XI Katowice - World Championship 2017

VOD

Have the link to the VOD?

Description

Time

  • Played on: March 2, 2017, 7:16 a.m.
  • Length: 15:41

All games in this series

Show
View Real Time Build Order
Export as new Build Order

Solar Zerg - Winner!

Build Orders: Pool First 

Get SALT Encoding   

  12  0:01  Drone  
  13  0:14  Overlord  
  13  0:17  Drone  
  14  0:32  Drone  
  14  0:33  Drone  
  16  0:42  Extractor  
  15  0:44  Spawning Pool  
  15  0:46  Drone  
  15  0:51  Drone  
  16  0:57  Drone  
  17  1:17  Hatchery  
  16  1:31  Zergling x6  
  19  1:44  Metabolic Boost  
  19  1:47  Queen  
  21  1:54  Overlord  
  21  1:58  Zergling x2  
  22  2:13  Zergling x2  
  23  2:17  Zergling x2  
  24  2:23  Queen  
  24  2:25  Zergling x2  
  24  2:29  Zergling x2  
  28  2:36  Zergling x2  
  29  2:39  Drone  
  29  2:46  Drone  
  30  2:51  Drone  
  30  2:54  Zergling x6  
  33  2:59  Drone  
  33  3:05  Drone  
  35  3:11  Overlord  
  35  3:12  Queen, Overlord  
  33  3:20  Drone  
  33  3:23  Drone  
  33  3:30  Drone  
  34  3:34  Drone  
  34  3:37  Drone x3  
  34  3:38  Drone x2  
  34  3:39  Drone  
  41  3:53  Hatchery  
  41  3:54  Drone  
  41  3:56  Drone  
  41  3:57  Drone  
  41  4:00  Drone  
  44  4:04  Drone  
  44  4:06  Overlord  
  44  4:07  Drone  
  46  4:16  Drone x2  
  48  4:21  Queen  
  50  4:24  Roach Warren, Drone x2  
  50  4:27  Drone  
  50  4:29  Overlord  
  51  4:33  Drone x2  
  51  4:35  Extractor  
  51  4:37  Zergling x2, Extractor  
  52  4:39  Drone  
  53  4:47  Overlord  
  53  4:48  Lair  
  53  4:50  Drone  
  53  4:51  Zergling x4  
  56  4:53  Drone  
  56  4:57  Queen  
  59  5:01  Overlord  
  59  5:03  Drone  
  59  5:06  Drone  
  61  5:10  Drone  
  61  5:11  Drone  
  63  5:19  Drone  
  63  5:20  Drone x3  
  67  5:24  Evolution Chamber x2  
  67  5:25  Drone  
  66  5:29  Drone  
  66  5:31  Overlord  
  66  5:32  Drone  
  66  5:33  Drone x2  
  66  5:34  Extractor  
  69  5:39  Drone x2  
  71  5:44  Overlord  
  71  5:48  Drone  
  71  5:49  Drone  
  72  5:50  Glial Reconstitution, Zerg Missile Weapons Level 1, Zerg Ground Armor Level 1  
  72  5:53  Overseer  
  72  5:54  Drone  
  72  6:00  Drone x3  
  72  6:01  Drone  
  72  6:03  Overseer  
  73  6:06  Spore Crawler x2  
  73  6:08  Drone x2  
  67  6:12  Drone  
  67  6:13  Drone  
  67  6:16  Drone  
  67  6:17  Drone  
  70  6:21  Drone x2  
  70  6:22  Drone  
  70  6:25  Overlord  
  73  6:28  Drone  
  73  6:32  Overlord  
  74  6:35  Spore Crawler, Drone x2  
  74  6:36  Drone  
  76  6:40  Drone x2  
  76  6:42  Extractor, Drone  
  76  6:43  Extractor, Drone  
  76  6:46  Overlord  
  78  6:49  Roach x2  
  78  6:53  Hydralisk Den  
  81  6:54  Drone  
  81  6:55  Infestation Pit  
  81  6:57  Overlord  
  81  7:00  Roach  
  83  7:06  Drone x4  
  83  7:07  Drone x2  
  89  7:09  Overlord  
  89  7:12  Overlord  
  89  7:15  Roach x2  
  92  7:17  Overlord  
  92  7:20  Roach x2  
  96  7:24  Overlord  
  96  7:26  Hydralisk  
  96  7:31  Muscular Augments  
  96  7:32  Hydralisk  
  96  7:33  Hydralisk  
  100  7:41  Hydralisk x3  
  100  7:42  Roach  
  107  7:46  Hive  
  107  7:49  Overlord  
  107  7:50  Hydralisk  
  108  7:52  Hydralisk  
  109  8:04  Hydralisk x2  
  113  8:08  Hydralisk x2  
  113  8:11  Overlord  
  117  8:12  Overlord  
  117  8:15  Hydralisk  
  117  8:16  Hydralisk  
  117  8:17  Hatchery  
  120  8:22  Roach x3  
  126  8:30  Roach x2  
  126  8:31  Roach x2  
  126  8:33  Overlord  
  134  8:38  Roach x4  
  142  8:43  Zerg Missile Weapons Level 2  
  142  8:45  Overlord  
  142  8:48  Drone x2  
  143  8:54  Drone  
  137  8:57  Extractor  
  137  8:58  Viper x2  
  140  9:06  Overlord, Extractor  
  140  9:08  Zerg Ground Armor Level 2  
  139  9:10  Hydralisk x2  
  139  9:12  Drone x2  
  139  9:14  Drone  
  139  9:15  Drone  
  139  9:16  Drone  
  148  9:19  Drone x2  
  148  9:21  Pneumatized Carapace  
  148  9:23  Hydralisk  
  152  9:27  Hydralisk  
  152  9:30  Drone x3  
  157  9:34  Hydralisk x2  
  157  9:38  Ravager  
  162  9:39  Overlord  
  162  9:40  Hydralisk  
  163  9:48  Hydralisk x2  
  163  9:49  Spine Crawler  
  163  9:52  Hydralisk x2  
  166  9:58  Overseer  
  170  10:01  Roach x2  
  174  10:14  Roach x6  
  174  10:15  Roach x3  
  174  10:19  Hydralisk x2  
  194  10:23  Hydralisk x2  
  198  10:31  Hydralisk  
  199  10:48  Overlord  
  199  10:49  Overlord x2  
  197  10:51  Overlord  
  197  10:52  Hatchery  
  197  10:55  Overlord  
  192  11:01  Roach x6  
  192  11:02  Roach x5  
  188  11:06  Roach x3  
  188  11:08  Roach  
  179  11:12  Roach x3  
  179  11:13  Roach  
  179  11:15  Roach  
  177  11:20  Roach x3  
  177  11:21  Roach  
  177  11:23  Roach  
  166  11:28  Hydralisk x3  
  166  11:32  Hydralisk  
  164  11:39  Viper x3  
  173  11:42  Hydralisk x2  
  173  11:46  Hydralisk  
  179  11:48  Hydralisk  
  179  11:50  Hydralisk  
  183  11:58  Hydralisk  
  183  11:59  Hydralisk x3  
  191  12:03  Hydralisk  
  191  12:04  Hydralisk  
  195  12:12  Overlord  
  195  12:14  Hydralisk x2  
  199  12:19  Zerg Missile Weapons Level 3  
  199  12:20  Drone  
  198  12:38  Spore Crawler  
  198  12:39  Overseer x2  
  197  12:46  Hydralisk  
  197  12:48  Zerg Ground Armor Level 3  
  197  12:49  Evolution Chamber  
  197  12:50  Drone x2  
  200  12:55  Spore Crawler  
  199  13:00  Spore Crawler  
  199  13:01  Overlord x2  
  198  13:09  Overseer  
  196  13:38  Hydralisk x3  
  191  13:49  Overlord  
  191  13:51  Overlord  
  191  13:52  Overlord  
  191  13:55  Overlord  
  191  13:56  Overlord  
  191  13:57  Overlord  
  191  14:00  Hydralisk x4, Overlord  
  191  14:01  Hydralisk x6  
  199  14:05  Roach  
  199  14:06  Roach x2  
  199  14:09  Roach  
  197  14:10  Roach x2  
  197  14:12  Roach  
  197  14:13  Roach x2  
  197  14:17  Roach x3  
  196  14:18  Viper x2  
  196  14:19  Roach x2  
  196  14:20  Roach x2  
  196  14:21  Roach x3  
  196  14:22  Roach  
  196  14:23  Roach x2  
  194  14:24  Roach  
  194  14:30  Viper x2  
  188  14:40  Hydralisk  
  188  14:42  Hydralisk  
  188  14:43  Hydralisk  
  186  14:48  Hydralisk x2, Hatchery  
  189  14:57  Hydralisk x6  
  195  15:01  Roach  
  195  15:06  Roach  
  199  15:14  Roach  
Show
View Real Time Build Order
Export as new Build Order

Ryung Terran 

Build Orders: Reaper Expand, Mech, Banshee Rush 

Get SALT Encoding   

  12  0:00  SCV  
  13  0:13  SCV  
  14  0:17  Supply Depot  
  14  0:25  SCV  
  15  0:29  Refinery  
  15  0:39  SCV  
  16  0:43  Barracks  
  16  0:51  SCV  
  17  1:03  SCV  
  18  1:15  SCV  
  19  1:30  Orbital Command  
  19  1:31  Reaper  
  20  1:43  Command Center  
  20  1:53  Factory  
  20  1:56  SCV  
  21  2:07  Barracks Reactor  
  21  2:08  SCV  
  22  2:12  Supply Depot  
  22  2:14  Refinery  
  22  2:20  SCV  
  23  2:33  SCV  
  24  2:41  Hellion  
  25  2:47  Marine x2  
  26  2:53  SCV  
  26  2:55  Starport  
  25  3:16  SCV  
  24  3:22  Hellion x2  
  27  3:28  Marine  
  27  3:30  SCV  
  29  3:36  Command Center  
  29  3:37  Starport Tech Lab  
  29  3:42  SCV  
  29  3:48  Supply Depot  
  30  3:54  SCV  
  31  3:56  Cloaking Field  
  31  4:09  Banshee  
  35  4:10  SCV  
  35  4:15  Supply Depot  
  35  4:19  Hellion  
  35  4:22  SCV  
  38  4:34  SCV  
  39  4:46  SCV  
  39  4:47  Orbital Command  
  39  4:52  Banshee  
  43  4:58  SCV  
  44  5:00  Command Center  
  44  5:10  SCV  
  44  5:12  Hellion x2  
  41  5:22  SCV  
  41  5:27  SCV  
  43  5:32  Orbital Command  
  43  5:33  Hellion x2  
  43  5:35  Viking  
  49  5:42  SCV  
  50  5:54  SCV  
  50  5:56  Hellion x2  
  55  5:59  SCV  
  56  6:07  SCV  
  57  6:12  Orbital Command  
  57  6:16  SCV  
  57  6:17  Factory  
  58  6:19  SCV  
  59  6:28  SCV  
  59  6:29  Hellion x2  
  59  6:31  SCV  
  65  6:36  Banshee  
  65  6:37  Refinery  
  65  6:38  Refinery  
  68  6:40  SCV  
  68  6:41  Factory  
  68  6:43  SCV  
  68  6:44  Armory, SCV  
  71  6:51  Supply Depot  
  71  6:53  SCV  
  72  6:57  SCV x2  
  74  7:05  SCV  
  74  7:06  Factory Tech Lab  
  75  7:09  SCV x2  
  75  7:15  Hellion x2  
  81  7:16  Supply Depot  
  81  7:17  SCV  
  81  7:21  SCV x2  
  81  7:22  Supply Depot  
  84  7:30  Factory Tech Lab  
  84  7:33  Terran Vehicle Weapons Level 1  
  84  7:37  Factory  
  84  7:38  Factory, Siege Tank  
  84  7:42  Starport Reactor  
  87  7:46  SCV x2  
  87  7:48  Hellion x2  
  87  7:49  Siege Tank  
  87  7:51  Supply Depot  
  93  8:00  SCV x2  
  93  8:02  Supply Depot  
  95  8:05  Supply Depot  
  95  8:09  Thor  
  101  8:14  SCV  
  101  8:15  SCV  
  101  8:16  Orbital Command  
  101  8:18  Engineering Bay  
  103  8:23  Siege Tank  
  103  8:24  Hellion  
  105  8:34  SCV x2  
  105  8:39  Siege Tank  
  105  8:40  Factory Reactor  
  110  8:42  SCV  
  110  8:46  SCV, Refinery  
  110  8:48  Refinery  
  111  9:01  Siege Tank x2  
  117  9:03  SCV x3  
  117  9:04  Supply Depot  
  117  9:05  Supply Depot  
  117  9:06  Supply Depot  
  117  9:17  Missile Turret  
  117  9:18  Viking  
  117  9:19  Viking  
  117  9:20  Sensor Tower, Missile Turret  
  117  9:22  Missile Turret  
  117  9:23  Siege Tank  
  124  9:27  Supply Depot, SCV x2  
  124  9:28  Supply Depot x2  
  124  9:29  Terran Vehicle Weapons Level 2  
  126  9:41  Siege Tank x2  
  130  9:48  Infernal Pre-Igniter  
  130  9:51  Armory, Hellion x4  
  136  9:56  Viking x2  
  140  10:01  Supply Depot  
  140  10:16  Siege Tank x3  
  140  10:17  Hellion  
  140  10:18  Hellion x3  
  140  10:20  Supply Depot  
  157  10:30  Command Center  
  151  10:47  Hellion x3  
  145  11:02  Siege Tank x2  
  145  11:03  Hellion x2  
  135  11:06  Orbital Command  
  135  11:08  Hellion, SCV x2  
  111  11:22  Hellion x2  
  111  11:24  Siege Tank, SCV x2  
  95  11:32  Hellion x2  
  99  11:33  Viking x2  
  99  11:34  Siege Tank  
  99  11:36  SCV x2  
  99  11:38  SCV  
  109  11:42  Siege Tank  
  112  11:48  SCV  
  112  11:49  SCV  
  112  11:50  SCV  
  115  11:57  Hellion  
  115  12:00  SCV  
  115  12:01  SCV  
  119  12:02  SCV  
  120  12:09  Viking  
  120  12:13  SCV x2  
  120  12:14  Viking, SCV  
  127  12:25  SCV x2  
  127  12:27  Siege Tank x3  
  138  12:30  Hellion x2  
  142  12:42  Sensor Tower  
  142  12:48  Hellion x2  
  146  13:00  Hellion  
  146  13:05  Supply Depot  
  148  13:06  Supply Depot x2  
  148  13:09  Viking x2, Hellion  
  154  13:16  Supply Depot, Armory  
  154  13:21  Hellion x2  
  152  13:37  Missile Turret  
  152  13:42  Planetary Fortress  
  152  13:44  Refinery  
  152  13:45  Missile Turret, Refinery  
  152  13:48  Siege Tank x2  
  158  13:49  Hellion x4  
  146  14:03  SCV x3  
  116  14:18  Hellion x2  
  116  14:19  Hellion  
  116  14:23  SCV  
  116  14:24  SCV x2  
  90  14:27  Hellion x3  
  84  14:36  SCV x3  
  79  14:47  Hellion  
  79  14:48  Hellion, SCV x2  
  79  14:50  SCV  
  86  15:00  SCV  
  86  15:01  Cyclone  
  86  15:02  Cyclone  

Tags
 
Add a new tag
Caveats
  • Supply blocks, unpowered buildings, or Contaminate may cause inaccurate times.
  • Supply counts are checked every 10 seconds.